 Dungeon Crawl Stone Soup version 0.29-a0-666-g26d293caef (webtiles) character file.

Game seed: 1804233555961858112

1570 Kae the Arsonist (level 8, -1/41 HPs)
             Began as a Deep Elf Fire Elementalist on June 23, 2022.
             Was an Initiate of Vehumet.
             Slain by a vampire mosquito (3 damage)
             ... on level 5 of the Dungeon.
             The game lasted 00:09:06 (8441 turns).

Kae the Arsonist (Deep Elf Fire Elementalist)       Turns: 8441, Time: 00:09:06

Health: -1/41      AC:  3    Str:  5    XL:     8   Next: 59%
Magic:  5/20       EV: 13    Int: 23    God:    Vehumet [......]
Gold:   264        SH:  0    Dex: 21    Spells: 7/20 levels left

rFire   . . .      SeeInvis .   n - +0 lajatang
rCold   . . .      Faith    .   (shield currently unavailable)
rNeg    . . .      Spirit   .   a - +0 robe
rPois   .          Reflect  .   (no helmet)
rElec   .          Harm     .   (no cloak)
rCorr   .          Rampage  .   (no gloves)
Will    .....                   f - +0 pair of boots
Stlth   ++........              (no amulet)
HPRegen 0.13/turn               D - +6 ring of dexterity
MPRegen 0.17/turn               (no ring)

@: lethally poisoned (-1 -> -9), about to teleport, studying Necromancy
A: no striking features
a: Renounce Religion


You were on level 5 of the Dungeon.
You worshipped Vehumet.
Vehumet was noncommittal.
You visited 1 branch of the dungeon, and saw 5 of its levels.

You collected 264 gold pieces.


   Skills:
 - Level 2.4 Dodging
 - Level 2.4 Stealth
 + Level 6.9 Spellcasting
 * Level 7.6 Conjurations
 * Level 8.2 Fire Magic


You had 7 spell levels left.
You knew the following spells:

 Your Spells              Type           Power      Damage    Failure   Level
a - Foxfire               Conj/Fire      100%       2x1d9     1%          1
b - Scorch                Fire           90%        2d9       1%          2
c - Conjure Flame         Conj/Fire      44%        6-21      1%          3
d - Inner Flame           Hex/Fire       26%        N/A       4%          3
e - Flame Wave            Conj/Fire      44%        2d10      3%          4

Your spell library contained the following spells:

 Spells                   Type           Power      Damage    Failure   Level
 Magic Dart               Conj           100%       1d8       1%          1
 Dazzling Flash           Conj/Hex       50%        N/A       4%          3
 Mephitic Cloud           Conj/Pois/Air  19%        N/A       9%          3
 Call Imp                 Summ           7%         N/A       12%         2
 Agony                    Necr           7%         N/A       91%         5
 Silence                  Hex/Air        3%         N/A       91%         5

Inventory:

Hand Weapons
 e - a +0 dagger
   (You took it off a goblin on level 1 of the Dungeon)
 n - a +0 lajatang (weapon)
   (You took it off a hobgoblin on level 2 of the Dungeon)
Missiles
 d - 75 stones
 k - a throwing net {=f!f}
 q - 2 boomerangs
 z - 2 poisoned darts
 G - 3 boomerangs of dispersal {=f!f}
Armour
 a - a +0 robe (worn)
 f - a +0 pair of boots (worn)
   (You found it on level 2 of the Dungeon)
 l - a +0 chain mail
   (You found it on level 5 of the Dungeon)
 r - a +0 scale mail
   (You took it off an orc on level 3 of the Dungeon)
 t - a +0 chain mail
   (You took it off an orc on level 4 of the Dungeon)
 w - a +0 scale mail
   (You found it on level 3 of the Dungeon)
Jewellery
 D - a +6 ring of dexterity (left hand)
   (You found it on level 3 of the Dungeon)
Potions
 b - 3 potions of magic
 c - 3 potions of degeneration {!q}
 g - a potion of invisibility {unknown}
 h - a potion of lignification {unknown}
 i - 2 potions of heal wounds {unknown}
 o - a potion of cancellation
 p - 2 potions of berserk rage {!q}
 s - a potion of brilliance {unknown}
 u - a potion of mutation {!q}
 B - a potion of haste {unknown}

Dungeon Overview and Level Annotations

Branches:
Dungeon (5/15) Zot: 21554
 Temple: D:4-7

Altars:
Sif Muna
Trog
Vehumet
Yredelemnul

Shops:
D:1 (

Annotations:
D:5 1 runed translucent door

#.####..............#..##..###.
###.....)........................
.......#..............#.#.##.###.
.##.########'########.#.#.##.# #.
.##.#...)...........#.#......# ##
.##.#...............#####.######.
.##.#....#######....# #...###..
.##.#....#.b..s#....# ###.##...
....#....+..!.sy@...# #.##...
##..#....#..b.†#†...# #.##..#
##..#....#######....#### #..#...
....#...............#..# ##.#..#
##.##...............##.# #.#...
#.#########'#########.# #.....
#.##..#.##..##......#.### ####..
#....#..##.####..##.....# ##.
###.###....##....##.#.#.# ##


You could see a vampire mosquito and 2 scorpions.


Message History

Confirm with . or Enter, or press ? or * to list all spells.
Casting: Flame Wave (dangerous; 3% risk of failure)
Press: ? - help, Dir - look around, f - activate A wave of flame ripples out!
The flame wave engulfs the scorpion!
The flame wave engulfs the scorpion. (Press . to intensify the flame waves.)
The scorpion stings you.
You are poisoned.
The scorpion poisons you! 😕 HP[-3] MP[-4]
You take 3 damage, and now have 38/41 hp.
You lost 4 mp, and now have 12/19 mp.
A wave of flame ripples out!
The flame wave engulfs the scorpion! x3
The flame wave engulfs the scorpion.
The flame wave engulfs the scorpion!
The flame wave engulfs the butterfly.
You kill the butterfly!
You feel very sick. The scorpion stings you. The scorpion closely misses you.
The scorpion stings you. 😮 HP[-9] MP[-1]
You take 9 damage, and now have 29/41 hp.
MASSIVE DAMAGE!! (PAUSE)
You lost 1 mp, and now have 11/19 mp.
Unknown command.
A wave of flame ripples out!
The flame wave engulfs the scorpion.
The flame wave engulfs the scorpion!
You kill the scorpion!
Vehumet accepts your kill.
The flame wave engulfs the scorpion!
You kill the scorpion!
Vehumet accepts your kill.
The flame wave engulfs the scorpion. x2
The flame wave engulfs the giant cockroach!
You kill the giant cockroach!
Vehumet accepts your kill.
The flame wave engulfs the scorpion!
The flame wave engulfs the vampire mosquito!
You finish channelling waves of flame.
You feel sick. The scorpion closely misses you. The scorpion stings you.
You are more poisoned.
The scorpion poisons you! 😮 HP[-3] MP[-1]
You take 3 damage, and now have 26/41 hp.
Unknown command.
Casting: Flame Wave (dangerous; 3% risk of failure)
Confirm with . or Enter, or press ? or * to list all spells.
Casting: Flame Wave (dangerous; 3% risk of failure)
Press: ? - help, Dir - look around, f - activate A wave of flame ripples out!
The flame wave engulfs the scorpion!
You kill the scorpion!
Vehumet accepts your kill. (Press . to intensify the flame waves.)
You feel very sick. The vampire mosquito barely misses you.
Your Fire Magic skill increases to level 8! 😮 HP[-5] MP[-4]
You take 5 damage, and now have 21/41 hp.
You lost 4 mp, and now have 6/20 mp.
A wave of flame ripples out!
The flame wave engulfs the vampire mosquito.
The flame wave engulfs the scorpion.
The flame wave engulfs the scorpion!
You kill the scorpion!
Vehumet accepts your kill.
The flame wave engulfs the scorpion!
* * * LOW HITPOINT WARNING * * *
You feel very sick.
The vampire mosquito closely misses you. x2 😨 HP[-4]
You take 4 damage, and now have 17/41 hp.
A wave of flame ripples out!
The flame wave engulfs the vampire mosquito.
The flame wave engulfs the scorpion.
The flame wave engulfs the giant cockroach.
You kill the giant cockroach!
Vehumet accepts your kill.
The flame wave engulfs the scorpion!
You kill the scorpion!
Vehumet accepts your kill.
The flame wave engulfs the scorpion!
The flame wave engulfs the butterfly!
You kill the butterfly!
You finish channelling waves of flame.
* * * LOW HITPOINT WARNING * * *
You feel very sick. The vampire mosquito bites you!
* * * LOW HITPOINT WARNING * * *
The vampire mosquito draws strength from your injuries!
The vampire mosquito barely misses you. 😱 HP[-12] MP[-1]
You take 12 damage, and now have 5/41 hp.
MASSIVE DAMAGE!! (PAUSE)
You lost 1 mp, and now have 5/20 mp.
Drinking this now will have no effect.
You aren't carrying any items that you can evoke.
Unknown command.
As you read the scroll of teleportation {@r4}, it crumbles to dust.
You feel strangely unstable.
* * * LOW HITPOINT WARNING * * *
You feel very sick. The vampire mosquito bites you.
You die...

Skill      XL: |  1  2  3  4  5  6  7  8 |
---------------+-------------------------+-----
Conjurations   | 2 3 4 5 6 7 |  7.6
Fire Magic     | 4 5 6 7 8 |  8.2
Spellcasting   | 4 5 6 |  6.9
Dodging        | |  2.4
Stealth        | |  2.4

Action                   |  1- 3 |  4- 6 |  7- 9 || total
-------------------------+-------+-------+-------++-------
Melee: Unarmed           |     6 |       |       ||     6
       Dagger            |    26 |       |       ||    26
       Lajatang          |       |     4 |     1 ||     5
 Cast: Foxfire           |   130 |   187 |    56 ||   373
       Scorch            |     6 |    23 |    22 ||    51
       Flame Wave        |       |       |     4 ||     4
       Inner Flame       |       |       |     2 ||     2
       Conjure Flame     |       |       |     2 ||     2
  Use: Scroll            |     2 |     8 |     4 ||    14
       Potion            |       |     1 |       ||     1
Armor: Robe              |    11 |     8 |     2 ||    21
Dodge: Dodged            |    33 |    50 |    43 ||   126

Levels and vault maps discovered:
D:1:      ncdulo_watergridlock, layout_rooms, serial_shops,
          nicolae_shop_statue_plus
D:2:      minmay_roachtagon, layout_basic, basic_altar,
          hellmonk_ecumenical_altar_prayer_group
D:3:      layout_rooms
D:4:      layout_gridville, nicolae_sif_muna_little_library, serial_undead,
          serial_undead_a, serial_undead_f, serial_undead_a, serial_undead_d,
          serial_undead_e, serial_undead_a
D:5:      lemuel_insect_pit, layout_loops_cross,
          mainiacjoe_overflow_surrounded_room, nicolae_vehumet_radiance,
          minmay_manual_macuahuitl

Notes
Turn   | Place    | Note
-------+----------+-------------------------------------------
     0 | D:1      | Kae the Deep Elf Fire Elementalist began the quest for the
                  | Orb.
     0 | D:1      | Reached XP level 1. HP: 10/10 MP: 6/6
     0 | D:1      | magus.rc [v1.11.3]
   241 | D:1      | Reached XP level 2. HP: 15/15 MP: 4/8
   571 | D:1      | Reached skill level 2 in Conjurations
   776 | D:1      | Reached XP level 3. HP: 15/19 MP: 3/9
  1018 | D:1      | Found Wepu's Antique Weapon Emporium.
  1050 | D:1      | Learned a level 2 spell: Scorch
  1054 | D:1      | Learned a level 3 spell: Conjure Flame
  1366 | D:2      | Reached skill level 4 in Fire Magic
  1652 | D:2      | Found a bloodstained altar of Trog.
  2111 | D:2      | Reached XP level 4. HP: 24/24 MP: 2/11
  2199 | D:2      | Found a faded altar of an unknown god.
  2702 | D:2      | HP: 5/24 [hobgoblin/+0 lajatang (5)]
  3030 | D:3      | Reached skill level 3 in Conjurations
  3109 | D:3      | You pick up a book of the Senses and begin reading...
  3109 | D:3      | You add the spells Dazzling Flash, Agony and Silence to
                  | your library.
  3759 | D:3      | Reached skill level 4 in Spellcasting
  4116 | D:4      | Reached XP level 5. HP: 28/28 MP: 13/13
  4126 | D:4      | Noticed a phantom
  4142 | D:4      | Killed a phantom
  4143 | D:4      | Reached skill level 4 in Conjurations
  4143 | D:4      | Reached skill level 5 in Fire Magic
  4240 | D:3      | magus.rc [v1.11.3]
  4545 | D:4      | Reached XP level 6. HP: 30/32 MP: 7/14
  4986 | D:4      | HP: 4/32 [iguana (10)]
  4991 | D:4      | Reached skill level 5 in Spellcasting
  5284 | D:4      | Reached skill level 5 in Conjurations
  5284 | D:4      | Reached skill level 6 in Fire Magic
  5690 | D:4      | Reached XP level 7. HP: 36/36 MP: 10/16
  5865 | D:4      | HP: 8/36 [orc priest/divine providence (12)]
  6135 | D:4      | Learned a level 3 spell: Inner Flame
  6140 | D:4      | Learned a level 4 spell: Flame Wave
  6265 | D:4      | You pick up a book of Minor Magic and begin reading...
  6265 | D:4      | You add the spells Magic Dart, Call Imp and Mephitic Cloud
                  | to your library.
  6333 | D:4      | HP: 4/36 [phantom (7)]
  6637 | D:4      | Reached skill level 6 in Conjurations
  6646 | D:4      | Found a shimmering blue altar of Sif Muna.
  6974 | D:5      | Entered Level 5 of the Dungeon
  7316 | D:5      | Reached skill level 7 in Fire Magic
  7322 | D:5      | Reached skill level 6 in Spellcasting
  7536 | D:5      | Reached XP level 8. HP: 41/41 MP: 16/19
  7573 | D:5      | Found a radiant altar of Vehumet.
  7600 | D:5      | Became a worshipper of Vehumet
  8026 | D:5      | Found a basalt altar of Yredelemnul.
  8108 | D:5      | Reached skill level 7 in Conjurations
  8178 | D:5      | Found a runed translucent door.
  8180 | D:5      | Found a runed translucent door.
  8439 | D:5      | Reached skill level 8 in Fire Magic
  8440 | D:5      | HP: 5/41 [vampire mosquito (9)]
  8441 | D:5      | HP: 2/41 [poisoned by a scorpion]
  8441 | D:5      | Slain by a vampire mosquito

Vanquished Creatures
  An ogre (D:5)
  A black bear (D:5)
  4 phantoms (D:4)
  6 scorpions (D:5)
  2 centaur zombies (D:4)
  A bullfrog zombie (D:4)
  2 hounds (D:5)
  An orc priest (D:4)
  4 iguanas
  4 scorpion zombies (D:4)
  An orc wizard (D:4)
  5 hound zombies (D:4)
  A hound skeleton (D:4)
  A howler monkey zombie (D:4)
  4 gnolls (D:5)
  7 adders
  A white imp (D:5)
  An adder zombie (D:4)
  An adder skeleton (D:4)
  7 dart slugs
  16 orcs
  7 endoplasms
  18 giant cockroaches
  3 goblins
  11 hobgoblins
  3 quokkas
  7 ball pythons
  5 bats
  A frilled lizard (D:2)
  8 kobolds
  A rat (D:3)
  2 butterflies (D:5)
137 creatures vanquished.

Vanquished Creatures (collateral kills)
  A foxfire (D:4)
1 creature vanquished.

Vanquished Creatures (others)
  643 foxfires
643 creatures vanquished.

Grand Total: 781 creatures vanquished

Table legend:
 A = Non-vault XP
 B = Vault XP
 C = Vault XP percentage of total XP
 D = Non-vault monster count
 E = Vault monster count
 F = Vault count percentage of total count
                 A         B        C        D         E       F
            +---------+---------+-------+---------+---------+-------
      Total |     795 |    1448 |  64.6 |      90 |      45 |  33.3
            +---------+---------+-------+---------+---------+-------
        D:1 |      47 |       0 |   0.0 |      22 |       0 |   0.0
        D:2 |      40 |      25 |  38.5 |      16 |      13 |  44.8
        D:3 |      54 |       0 |   0.0 |      13 |       0 |   0.0
        D:4 |     173 |     853 |  83.1 |      24 |      20 |  45.5
        D:5 |     481 |     570 |  54.2 |      15 |      12 |  44.4
            +---------+---------+-------+---------+---------+-------

Illustrated notes

Table legend:
 A = Kills in this place as a percentage of kills in entire the game.
 B = Kills by you in this place as a percentage of kills by you in the entire game.
 C = Kills by friends in this place as a percentage of kills by friends in the entire game.
 D = Other kills in this place as a percentage of other kills in the entire game.
 E = Experience gained in this place as a percentage of experience gained in the entire game.
 F = Experience gained in this place divided by the number of levels of this place that you have seen.
                   A       B       C       D       E      F
               +-------+-------+-------+-------+-------+----------------------
         Total | 100.0 | 100.0 |   N/A |   N/A | 100.0 | 448.6
       Dungeon | 100.0 | 100.0 |   N/A |   N/A | 100.0 | 448.6
               +-------+-------+-------+-------+-------+----------------------

Table legend: (Time is in decaauts)
 A = Elapsed time spent in this place.
 B = Non-inter-level travel time spent in this place.
 C = Inter-level travel time spent in this place.
 D = Time resting spent in this place.
 E = Time spent auto-exploring this place.
 F = Levels seen in this place.
 G = Mean time per level.
                   A        B        C        D        E       F      G
               +--------+--------+--------+--------+--------+-----+--------+
         Total |   8444 |   8339 |    105 |    487 |   6761 |   5 | 1688.8 |
       Dungeon |   8444 |   8339 |    105 |    487 |   6761 |   5 | 1688.8 |
               +--------+--------+--------+--------+--------+-----+--------+

Top non-repeatable levels by time:
     D:4: 2509 daAuts
     D:2: 1718 daAuts
     D:5: 1467 daAuts
     D:3: 1443 daAuts
     D:1: 1306 daAuts
